 Dungeon Crawl Stone Soup version 0.26-a0-612-gd4d190f45e (webtiles) character file.

Game seed: 9560429997744229330

4034 Hores the Geomancer (level 10, -5/58 HPs)
             Began as a Gargoyle Earth Elementalist on Sept 10, 2020.
             Was a Believer of Vehumet.
             Slain by a vampire (6 damage)
             ... on level 8 of the Dungeon.
             The game lasted 00:24:35 (10403 turns).

Hores the Geomancer (Gargoyle Earth Elementalist)  Turns: 10403, Time: 00:24:36

Health: -5/58      AC: 13    Str: 13    XL:     10   Next: 24%
Magic:  19/19      EV: 13    Int: 24    God:    Vehumet [**....]
Gold:   614        SH:  0    Dex: 10    Spells: 12/21 levels left

rFire    . . .     SeeInvis .   t - +4 dagger (freeze)
rCold    + . .     Faith    .   (no shield)
rNeg     + . .     Spirit   .   c - +1 robe
rPois    ∞         Reflect  .   (no helmet)
rElec    +         Harm     .   z - +0 cloak
rCorr    .                      (no gloves)
MR       .....                  n - +1 pair of boots
Stlth    ++........             (no amulet)
HPRegen  0.19/turn              r - ring of protection from cold
MPRegen  0.16/turn              l - ring of Yciliu {Int+6 Slay+6}

@: hasted, very quick
A: negative energy resistance 1, electricity resistance, unbreathing,
petrification resistance, rot immunity, AC +7
a: Renounce Religion


You were on level 8 of the Dungeon.
You worshipped Vehumet.
Vehumet was pleased with you.
You visited 2 branches of the dungeon, and saw 10 of its levels.

You collected 614 gold pieces.

Inventory:

Hand Weapons
 k - a +5 whip
 s - a +0 morningstar
 t - a +4 dagger of freezing (weapon)
 y - a +2 whip of venom
Missiles
 b - 264 stones (quivered)
Armour
 c - a +1 robe (worn)
 n - a +1 pair of boots (worn)
 z - a +0 cloak (worn)
Jewellery
 l - the ring of Yciliu (right hand) {Int+6 Slay+6}
   (You found it on level 8 of the Dungeon)

   [ring of intelligence]

   It affects your intelligence (+6).
   It affects your accuracy and damage with ranged weapons and melee attacks
   (+6).
 q - an uncursed ring of protection from cold
 r - a ring of protection from cold (left hand)
Wands
 p - a wand of random effects (24)
 v - a wand of iceblast (14)
 w - a wand of acid (17)
Scrolls
 d - a scroll of amnesia
 f - 2 scrolls of blinking
 m - 2 scrolls of teleportation
 u - 4 scrolls of remove curse
 x - a scroll of fog
 A - a scroll of enchant weapon
 C - a scroll of identify
Potions
 a - 2 potions of brilliance
 g - a potion of magic
 h - 3 potions of stabbing
 i - a potion of haste
 j - a potion of flight


   Skills:
 + Level 4.5 Fighting
 + Level 4.2 Maces & Flails
 + Level 4.3 Armour
 + Level 3.8 Dodging
 - Level 2.1 Stealth
 + Level 6.2 Spellcasting
 + Level 6.4 Conjurations
   Level 0.7 Transmutations
 + Level 8.5 Earth Magic
 + Level 3.6 Evocations


You had 12 spell levels left.
You knew the following spells:

 Your Spells              Type           Power        Failure   Level
a - Sandblast             Erth           #####.       1%          1
b - Stone Arrow           Conj/Erth      #####.       1%          3
c - Lee's Rapid Deconstr  Erth           #####.....   7%          5

Your spell library contained the following spells:

 Spells                   Type           Power        Failure   Level
 Dazzling Flash           Conj/Hex       ###...       6%          3
 Magic Dart               Conj           ####         1%          1
 Passwall                 Tmut/Erth      ####....     1%          2
 Conjure Flame            Conj/Fire      ###.....     6%          3
 Freeze                   Ice            #...         8%          1
 Mephitic Cloud           Conj/Pois/Air  ###.....     10%         3
 Blink                    Tloc           N/A          12%         2
 Call Imp                 Summ           #.......     12%         2
 Poisonous Vapours        Pois/Air       #.....       12%         2
 Slow                     Hex            #.......     12%         2
 Petrify                  Tmut/Erth      ####....     12%         4
 Hailstorm                Conj/Ice       ###.....     21%         4
 Frozen Ramparts          Ice            #.....       24%         3
 Ozocubu's Armour         Ice            #.......     24%         3
 Summon Ice Beast         Ice/Summ       #.......     61%         4
 Freezing Cloud           Conj/Ice/Air   ###.......   99%         6


Dungeon Overview and Level Annotations

Branches:
Dungeon (9/15)             Temple (1/1) D:4
   Lair: D:8-11         Orc: D:9-12

Altars:
Cheibriados
Dithmenos
Fedhas
Kikubaaqudgha
Makhleb
Okawaru
Qazlal
Ru
Uskayaw
Vehumet
Wu Jian
Xom
Yredelemnul
Zin
The Shining One

Shops:
D:5 [


Innate Abilities, Weirdness & Mutations

You are resistant to torment.
Your stone body is resilient. (AC +7)
You are immune to poison.
You resist negative energy. (rN+)
You are resistant to electric shocks. (rElec)
You can survive without breathing.
You are immune to petrification.
You are immune to rotting.


Message History

Something bites you but does no damage.
You closely miss something. Something hits you but does no damage.
Something bites you.
* * * LOW HITPOINT WARNING * * *
Casting: Sandblast (safe; 1% risk of failure)
Confirm with . or Enter, or press ? or * to list all spells.
You can't see any susceptible monsters within range! (Use Z to cast anyway.) Unknown command.
Casting: Sandblast (safe; 1% risk of failure)
Confirm with . or Enter, or press ? or * to list all spells.
Aiming: Stone Arrow (safe; 1% risk of failure)
Press: ? - help, Shift-Dir - straight line, f - you
Okay, then.
Unknown command.
Unknown command.
As you read the scroll of fear, it crumbles to dust.
You assume a fearsome visage.
Nothing appears to happen.
Something hits you.
* * * LOW HITPOINT WARNING * * *
Something bites you.
You die...

###########...........#
..........#...........#
..........#...........#
..........#...........#
###########...........#
#...........####
#....)......'..#
###########.....{.....##.#
.......[..'.....@.....##.#######
#######.###...........##.......#
.# #.# #...........########.# .#
#.# #...........# #####.## .##
#.# #...........# #....... ..#
#.# ############# ##.###.## #.#
#.# #####...##### #.## #.#
##...##.##...# #..# #<#
#.8.8.#.#.8.8.


There were no monsters in sight!

Vanquished Creatures
  4 gargoyles (D:7)
  Sigmund (D:4)
  A water moccasin (D:5)
  An orc warrior (D:9)
  An ice beast (D:7)
  A phantom (D:7)
  A sky beast (D:7)
  A black bear (D:8)
  4 ogres
  3 centaurs (D:5)
  2 big kobolds
  2 bullfrogs (D:7)
  A wyvern zombie (D:7)
  A scorpion (D:5)
  3 wights
  4 killer bees (D:9)
  A howler monkey (D:9)
  A bullfrog zombie (D:8)
  4 hounds
  2 jellies
  4 orc priests
  2 orc wizards
  4 worker ants
  2 hound skeletons
  A worker ant zombie (D:3)
  A howler monkey zombie (D:6)
  4 gnolls (D:9)
  A howler monkey skeleton (D:9)
  9 adders
  2 white imps
  2 oozes
  3 adder skeletons
  5 worms
  2 dart slugs (D:1)
  6 leopard geckos
  24 orcs
  3 ball pythons
  11 bats
  7 giant cockroaches
  4 goblins (D:2)
  7 hobgoblins
  2 jackals (D:1)
  2 quokkas
  9 frilled lizards
  A jackal skeleton (D:4)
  17 kobolds
  2 quokka skeletons
  A quokka zombie (D:7)
  16 rats
193 creatures vanquished.

Vanquished Creatures (others)
  7 plants
  4 toadstools (D:5)
11 creatures vanquished.

Grand Total: 204 creatures vanquished

Notes
Turn   | Place    | Note
-------+----------+-------------------------------------------
     0 | D:1      | Hores the Gargoyle Earth Elementalist began the quest for
                  | the Orb.
     0 | D:1      | Reached XP level 1. HP: 10/10 MP: 3/3
   177 | D:1      | Reached skill level 4 in Earth Magic
   177 | D:1      | Reached XP level 2. HP: 13/15 MP: 3/5
   704 | D:1      | Reached XP level 3. HP: 16/19 MP: 2/6
   709 | D:1      | Learned a level 3 spell: Stone Arrow
  1705 | D:2      | Reached XP level 4. HP: 22/24 MP: 8/8
  2352 | D:2      | Found a faded altar of an unknown god.
  2746 | D:3      | Reached skill level 5 in Earth Magic
  2828 | D:3      | Reached skill level 1 in Conjurations
  3267 | D:3      | Reached XP level 5. HP: 18/28 MP: 8/10
  3274 | D:3      | Learned a level 5 spell: Lee's Rapid Deconstruction
  4381 | D:4      | Noticed an ogre
  4404 | D:4      | Killed an ogre
  4404 | D:4      | Reached XP level 6. HP: 29/32 MP: 6/11
  4605 | D:4      | Reached skill level 6 in Earth Magic
  4639 | D:4      | Found a staircase to the Ecumenical Temple.
  4650 | Temple   | Entered the Ecumenical Temple
  4718 | Temple   | Became a worshipper of Vehumet
  5004 | D:4      | Noticed Sigmund
  5030 | Temple   | Reached XP level 7. HP: 26/36 MP: 7/13
  5112 | D:4      | Killed Sigmund
  5367 | D:5      | Entered Level 5 of the Dungeon
  5705 | D:5      | Reached skill level 1 in Fighting
  5705 | D:5      | Reached skill level 1 in Maces & Flails
  5705 | D:5      | Reached skill level 1 in Armour
  5705 | D:5      | Reached skill level 7 in Earth Magic
  5705 | D:5      | Reached XP level 8. HP: 29/43 MP: 10/15
  5849 | D:5      | Reached skill level 5 in Spellcasting
  5849 | D:5      | Reached skill level 1 in Evocations
  6196 | D:5      | Found a shimmering altar of Xom.
  6664 | D:5      | Found Ozidast's Antique Armour Emporium.
  7572 | D:6      | Reached * piety under Vehumet
  7572 | D:6      | Offered knowledge of Foxfire by Vehumet.
  7622 | D:6      | Reached skill level 5 in Conjurations
  7774 | D:6      | Found a glowing golden altar of the Shining One.
  8164 | D:7      | Reached XP level 9. HP: 49/49 MP: 17/17
  8720 | D:7      | Offered knowledge of Searing Ray by Vehumet.
  8721 | D:7      | Reached ** piety under Vehumet
  8856 | D:7      | Noticed a gargoyle
  8858 | D:7      | Noticed a gargoyle
  8859 | D:7      | Noticed a gargoyle
  8859 | D:7      | Noticed a gargoyle
  8865 | D:7      | Killed a gargoyle
  8865 | D:7      | Reached skill level 8 in Earth Magic
  8870 | D:7      | Killed a gargoyle
  8993 | D:7      | Killed a gargoyle
  9368 | D:7      | Killed a gargoyle
  9368 | D:7      | Reached XP level 10. HP: 57/57 MP: 7/19
  9649 | D:8      | Found a shadowy altar of Dithmenos.
  9649 | D:8      | Found a burning altar of Makhleb.
  9667 | D:8      | Found an ornate altar of the Wu Jian Council.
  9670 | D:8      | Found a stormy altar of Qazlal.
  9689 | D:8      | Got a warped tin ring
  9691 | D:8      | Identified the ring of Yciliu {Int+6 Slay+6} (You found it
                  | on level 8 of the Dungeon)
  9830 | D:8      | Found a basalt altar of Yredelemnul.
 10380 | D:9      | Offered knowledge of Dazzling Flash by Vehumet.
 10403 | D:8      | HP: 1/58 [something (2)]
 10403 | D:8      | Slain by a vampire

Illustrated notes

Levels and vault maps discovered:
D:1:      nicolae_arrival_washed_ashore, layout_rooms
D:2:      layout_loops_ring, chequers_ecumenical_altar_twisty,
          kennysheep_generic_room_14
D:3:      kb_forest_paths, layout_basic, minmay_hedge_maze
D:4:      layout_rooms, minmay_temple_entry_gardened_gates, uniq_sigmund
D:5:      layout_loops_ring, kennysheep_mini, serial_shops, shop,
          chequers_serial_rivers_small_b, minmay_gold_behind_fungi
D:6:      layout_layer_cave, tso_altar, lexackson_kobold_supper
D:7:      cheibrodos_statue_roulette, layout_rooms
D:8:      layout_basic, yredelemnul_altar_generic,
          grunt_temple_overflow_cloverleaf
D:9:      layout_layer_cave, nicolae_overflow_hidden_temple, uniq_psyche
Temple:   eino_temple_water

Skill      XL: |  1  2  3  4  5  6  7  8  9 10 |
---------------+-------------------------------+-----
Earth Magic    | 4 5 6 7 8 |  8.5
Spellcasting   | 3 4 5 6 |  6.2
Conjurations   | 1 2 3 4 5 6 |  6.4
Fighting       | 1 2 4 |  4.5
Maces & Flails | 1 2 3 4 |  4.2
Armour         | 1 2 4 |  4.3
Dodging        | 2 3 |  3.8
Evocations     | 2 3 |  3.6
Stealth        | |  2.1
Transmutations | |  0.7

Action                   |  1- 3 |  4- 6 |  7- 9 | 10-12 || total
-------------------------+-------+-------+-------+-------++-------
Melee: Unarmed           |    18 |       |       |       ||    18
       Dagger            |   109 |    84 |   103 |    55 ||   351
       Whip              |       |    93 |    64 |       ||   157
 Cast: Sandblast         |    23 |    52 |    87 |     8 ||   170
       Stone Arrow       |       |     1 |     7 |     3 ||    11
       Lee's Rapid Decon |       |       |    12 |     2 ||    14
Evoke: Wand              |       |       |       |     4 ||     4
  Use: Scroll            |       |    10 |     7 |     5 ||    22
       Potion            |       |       |     9 |     3 ||    12
 Stab: Sleeping          |     2 |     2 |     4 |     1 ||     9
Armor: Robe              |    36 |    57 |    86 |    31 ||   210
       Skin              |       |       |     2 |       ||     2
Dodge: Dodged            |   101 |   120 |   126 |    39 ||   386

Table legend: (Time is in decaauts)
 A = Elapsed time spent in this place.
 B = Non-inter-level travel time spent in this place.
 C = Inter-level travel time spent in this place.
 D = Time resting spent in this place.
 E = Time spent auto-exploring this place.
 F = Levels seen in this place.
 G = Mean time per level.
                   A        B        C        D        E       F      G
               +--------+--------+--------+--------+--------+-----+--------+
         Total |  10397 |  10054 |    343 |   2649 |   5684 |  10 | 1039.7 |
       Dungeon |  10228 |   9920 |    308 |   2572 |   5636 |   9 | 1136.4 |
        Temple |    169 |    134 |     35 |     77 |     48 |   1 |  169.0 |
               +--------+--------+--------+--------+--------+-----+--------+

Top non-repeatable levels by time:
     D:5: 1923 daAuts
     D:3: 1646 daAuts
     D:1: 1487 daAuts
     D:7: 1437 daAuts
     D:2: 1235 daAuts
     D:4: 839 daAuts
     D:6: 822 daAuts
     D:8: 714 daAuts
  Temple: 169 daAuts
     D:9: 122 daAuts
